 Dungeon Crawl Stone Soup version 0.27-a0-679-g77a6b55cf3 (webtiles) character file.

Game seed: 8163333998452414197

17808 sizableburger the Spear-Bearer (level 12, -14/106 HPs)
             Began as a Naga Earth Elementalist on Mar 19, 2021.
             Was a Believer of Sif Muna.
             Killed from afar by a frost giant (44 damage)
             ... with a bolt of cold
             ... in an ice cave.
             The game lasted 01:01:16 (17057 turns).

sizableburger the Spear-Bearer (NaEE)              Turns: 17057, Time: 01:01:17

Health: -14/106    AC: 14    Str: 10    XL:     12   Next: 51%
Magic:  0/19       EV: 15    Int: 19    God:    Sif Muna [**....]
Gold:   645        SH:  0    Dex: 16    Spells: 1/21 levels left

rFire    . . .     SeeInvis +   e - +0 trident (venom)
rCold    . . .     Faith    .   (no shield)
rNeg     . . .     Spirit   +   c - +0 robe
rPois    +         Reflect  .   h - +0 helmet
rElec    .         Harm     .   s - +0 cloak
rCorr    .         Rampage  .   n - +2 pair of gloves
Will     +....                  (no barding)
Stlth    ++........             H - amulet of guardian spirit
HPRegen  0.27/turn              i - +4 ring of protection
MPRegen  0.16/turn              f - +4 ring of evasion

@: brilliant, very slow
A: AC +4, large, see invisible, deformed body, poison resistance, slowness 2,
spit poison 1, naga tail 1, claws 1, agile 1
a: Spit Poison, Renounce Religion, Channel Magic


You were in an ice cave.
You worshipped Sif Muna.
Sif Muna was pleased with you.
You visited 3 branches of the dungeon, and saw 12 of its levels.
You also visited: Ice Cave.

You collected 856 gold pieces.
You spent 211 gold pieces at shops.

Inventory:

Hand Weapons
 e - a +0 trident of venom (weapon)
Missiles
 b - 77 stones
Armour
 c - a +0 robe (worn)
 h - a +0 helmet (worn)
 n - a +2 pair of gloves (worn)
 s - a +0 cloak (worn)
Magical Staves
 k - a staff of conjuration
Jewellery
 d - a +6 ring of strength
 f - a +4 ring of evasion (left hand)
 i - a +4 ring of protection (right hand)
 o - a ring of magical power
 u - a ring of willpower
 E - a ring of flight
 H - an amulet of guardian spirit (around neck)
Wands
 l - a wand of polymorph (9)
 x - a wand of mindburst (6)
 C - a wand of iceblast (23)
 F - a wand of random effects (13)
Scrolls
 j - 3 scrolls of fog
 t - a scroll of silence
 v - 3 scrolls of magic mapping
 B - a scroll of teleportation {unknown}
 I - a scroll of acquirement {unknown}
Potions
 a - a potion of lignification {unknown}
 m - a potion of attraction
 p - 2 potions of resistance
 q - 5 potions of brilliance
 r - a potion of curing
 w - a potion of mutation


   Skills:
 - Level 6.4 Fighting
 + Level 9.9 Polearms
 - Level 3.5 Dodging
 - Level 3.0 Stealth
 - Level 5.0 Spellcasting
 - Level 4.0 Conjurations
 - Level 3.1 Translocations
 + Level 6.8 Transmutations
 - Level 4.0 Air Magic
 + Level 8.3 Earth Magic
 - Level 6.0 Poison Magic
 + Level 6.5 Invocations
 - Level 4.0 Evocations


You had one spell level left.
You knew the following spells:

 Your Spells              Type           Power      Damage    Failure   Level
a - Sandblast             Erth           100%       2d20      1%          1
b - Passwall              Tmut/Erth      41%        N/A       1%          2
c - Stone Arrow           Conj/Erth      84%        3d12      3%          3
d - Mephitic Cloud        Conj/Pois/Air  33%        N/A       5%          3
e - Blink                 Tloc           N/A        N/A       4%          2
f - Petrify               Tmut/Erth      50%        N/A       5%          4
g - Lee's Rapid Deconstr  Erth           26%        3d15*     11%         5

Your spell library contained the following spells:

 Spells                   Type           Power      Damage    Failure   Level
 Magic Dart               Conj           100%       1d8       2%          1
 Corona                   Hex            7%         N/A       12%         1
 Conjure Flame            Conj/Fire      18%        6-21      16%         3
 Dazzling Flash           Conj/Hex       36%        N/A       16%         3
 Call Imp                 Summ           7%         N/A       19%         2
 Ensorcelled Hibernation  Hex/Ice        14%        N/A       19%         2
 Slow                     Hex            7%         N/A       19%         2
 Confusing Touch          Hex            7%         N/A       36%         3
 Tukima's Dance           Hex            7%         N/A       36%         3
 Irradiate                Conj/Tmut      19%        3d20      36%         5
 Statue Form              Tmut/Erth      33%        N/A       63%         6
 Hydra Form               Tmut           23%        N/A       75%         6
 Iron Shot                Conj/Erth      21%        9d5       83%         6
 Dragon Form              Tmut           23%        N/A       99%         7


Dungeon Overview and Level Annotations

Branches:
Dungeon (9/15)             Temple (1/1) D:7            Lair (2/6) D:9
    Orc (0/2) D:9           IceCv (1/1)
  Swamp: Lair:2-4    Shoals: Lair:2-4     Snake: Lair:2-4    Spider: Lair:2-4

Altars:
Ashenzari
Cheibriados
Dithmenos
Elyvilon
Fedhas
Gozag
Hepliaklqana
Kikubaaqudgha
Makhleb
Nemelex Xobeh
Okawaru
Qazlal
Ru
Sif Muna
Trog
Uskayaw
Vehumet
Wu Jian
Xom
Yredelemnul
Zin
The Shining One

Shops:
D:4 ***((   D:6 ?   D:9 [(

Annotations:
D:6 2 transporters, Forgeling's ghost, novice DgWn


Innate Abilities, Weirdness & Mutations

Your serpentine skin is tough. (AC +4)
You have supernaturally acute eyesight. (SInv)
Armour fits poorly on your strangely shaped body.
Your system is resistant to poisons. (rPois)
You cover ground very slowly.
You can spit poison.
You have a snake-like lower body.
You have sharp fingernails.
You are agile. (Dex +2)


Message History

Aim: a yak (heavily wounded, confused, covered in acid, 2% to evade)
The bolt of acid hits the frost giant but does no damage.
The frost giant is lightly wounded.
The bolt of acid hits the death yak!
The death yak is splashed with acid.
The death yak seems to be corroded for longer.
The death yak is severely wounded.
The bolt of acid hits the yak!
The yak is splashed with acid!
The yak seems to be corroded for longer.
The yak is almost dead.
The now-empty wand crumbles to dust.
You hear a bellow!
The yak gores the death yak!
The death yak snorts and paws the ground.
Casting: Mephitic Cloud (mildly dangerous; 5% risk of failure)
Confirm with . or Enter, or press ? or * to list all spells.
Aiming: Lee's Rapid Deconstruction (dangerous; 12% risk of failure)
Press: ? - help, Dir - move target, p - yak An ice covered rock wall.
The wall shatters!
The blast of rock fragments hits the yak!
You kill the yak!
Sif Muna accepts your kill.
The blast of rock fragments hits the frost giant.
The frost giant is lightly wounded.
The blast of rock fragments hits the death yak!
You kill the death yak!
Sif Muna accepts your kill.
The frost giant seems less confused.
The frost giant casts a spell at you. The bolt of cold hits you!!!
* * * LOW HITPOINT WARNING * * *
Unknown command.
Aiming: Mindburst
Press: ? - help, Shift-Dir - straight line, f - frost giant
Aim: a frost giant, wielding a +0 battleaxe of freezing (lightly wounded, very poisoned, chance to affect: 31%)
Okay, then.
You feel clever all of a sudden.
The frost giant gestures at you while chanting.
The bolt of cold hits you!!!
You die...

.Y... #CY... ## #.... .# ##...
## ##..# .####≈≈≈##..#
#..##≈≈≈###Y####
..##≈≈≈≈≈≈#..††### ###
..#≈≈≈≈≈≈≈≈####C@#####.###
###≈≈≈≈≈≈≈≈≈≈####..##.#..### #
#≈≈≈≈≈≈≈##.#)####..####..#
#≈≈≈≈≈≈≈##..####### #..###
##≈≈≈#≈ ###....### ##...##
####≈≈≈######....#...###..⌠..#
.##≈≈##..##.....####..###...##
#.÷######......## ##......##
#### ######## ########


You could see a frost giant (very poisoned) and a death yak.

Vanquished Creatures
  A death yak (IceCv)
  2 unseen horrors (D:7)
  A deep elf pyromancer (D:7)
  An ugly thing (D:9)
  An ice statue (IceCv)
  6 elephants (Lair:2)
  A black mamba (Lair:1)
  A cane toad (Lair:1)
  A komodo dragon (Lair:1)
  3 rime drakes
  15 polar bears (IceCv)
  A slime creature (D:7)
  Sigmund (D:3)
  13 yaks (IceCv)
  3 wyverns
  3 water moccasins
  3 ice beasts
  3 sky beasts
  6 orc warriors
  3 black bears
  18 wolves (IceCv)
  4 ogres
  A phantom (D:7)
  3 centaurs
  Blork the orc (D:9)
  A kobold brigand (D:9)
  10 bullfrogs
  4 gnoll sergeants
  A wyvern zombie (D:7)
  2 scorpions
  4 killer bees (D:8)
  4 wights (D:6)
  An electric eel (Lair:1)
  2 howler monkeys (D:4)
  A quasit (D:5)
  Crazy Yiuf (D:5)
  2 jellies
  3 hounds
  4 orc priests
  2 bullfrog skeletons
  2 centaur skeletons
  An iguana (D:7)
  8 orc wizards
  9 worker ants
  8 gnolls
  A howler monkey skeleton (D:9)
  8 adders
  A shadow imp (D:7)
  4 white imps
  An ufetubus (D:7)
  An adder skeleton (D:4)
  5 worms
  A dart slug (D:1)
  A leopard gecko (D:6)
  31 orcs
  4 ball pythons
  9 bats
  5 giant cockroaches
  5 hobgoblins
  10 jackals
  8 quokkas
  3 frilled lizards
  10 goblins
  A jackal skeleton (D:4)
  A jackal zombie (D:7)
  7 kobolds
  A leopard gecko zombie (D:6)
  A quokka skeleton (D:5)
  8 rats
293 creatures vanquished.

Vanquished Creatures (others)
  A polar bear (IceCv)
  A yak (IceCv)
  2 wolves (IceCv)
  20 fungi
  18 plants
42 creatures vanquished.

Grand Total: 335 creatures vanquished

Notes
Turn   | Place    | Note
-------+----------+-------------------------------------------
     0 | D:1      | sizableburger the Naga Earth Elementalist began the quest
                  | for the Orb.
     0 | D:1      | Reached XP level 1. HP: 15/15 MP: 3/3
   168 | D:1      | Reached XP level 2. HP: 22/22 MP: 5/5
   709 | D:1      | Reached XP level 3. HP: 30/30 MP: 6/6
   739 | D:1      | Reached skill level 1 in Fighting
   739 | D:1      | Reached skill level 1 in Polearms
  1087 | D:2      | Found a stormy altar of Qazlal.
  1225 | D:2      | Reached XP level 4. HP: 33/38 MP: 7/7
  1276 | D:2      | Learned a level 2 spell: Passwall
  1280 | D:2      | Learned a level 3 spell: Stone Arrow
  1773 | D:2      | Reached XP level 5. HP: 45/45 MP: 5/8
  2050 | D:2      | Reached skill level 2 in Polearms
  2432 | D:3      | Found a burning altar of Makhleb.
  2454 | D:3      | Noticed Sigmund
  2705 | D:3      | Gained mutation: You have sharp fingernails. [potion of
                  | mutation]
  2705 | D:3      | Gained mutation: You are agile. (Dex +2) [potion of
                  | mutation]
  2711 | D:3      | Killed Sigmund
  2712 | D:3      | Reached XP level 6. HP: 42/55 MP: 9/9
  3056 | D:4      | Learned a level 3 spell: Mephitic Cloud
  3056 | D:4      | Found Norchago's Assorted Antiques.
  3058 | D:4      | Found Datwik's Assorted Antiques.
  3060 | D:4      | Found Qiw Voss's General Store.
  3064 | D:4      | Bought a pair of gloves for 99 gold pieces
  3097 | D:4      | Reached skill level 3 in Polearms
  3380 | D:4      | Found Atieg's Weapon Emporium.
  3534 | D:4      | Reached skill level 1 in Poison Magic
  3534 | D:4      | Reached XP level 7. HP: 45/62 MP: 10/10
  3576 | D:4      | Reached skill level 1 in Conjurations
  3745 | D:4      | Found Peel's Weapon Shop.
  4005 | D:5      | Entered Level 5 of the Dungeon
  4214 | D:5      | Found a snail-covered altar of Cheibriados.
  4887 | D:5      | Found a runed translucent door.
  4888 | D:5      | Noticed Crazy Yiuf
  4893 | D:5      | Killed Crazy Yiuf
  5414 | D:5      | Reached skill level 4 in Polearms
  5414 | D:5      | Reached XP level 8. HP: 71/72 MP: 7/11
  5796 | D:6      | Noticed Forgeling's ghost (novice DgWn)
  5799 | D:6      | Found a transporter.
  5805 | D:6      | Found a transporter.
  5966 | D:6      | Found Saw Nyulemi's Magic Scroll Boutique.
  5979 | D:6      | Bought a scroll of blinking for 112 gold pieces
  6008 | D:6      | Reached skill level 5 in Fighting
  6008 | D:6      | Reached skill level 5 in Polearms
  6149 | D:6      | Reached skill level 5 in Poison Magic
  6531 | D:5      | Reached skill level 1 in Air Magic
  6558 | D:6      | Reached XP level 9. HP: 81/81 MP: 8/12
  7566 | D:7      | Noticed an unseen horror
  7613 | D:7      | Killed an unseen horror
  7614 | D:7      | Reached skill level 6 in Polearms
  8005 | D:7      | Noticed a deep elf pyromancer
  8025 | D:7      | Reached skill level 1 in Evocations
  8025 | D:7      | Killed a deep elf pyromancer
  8026 | D:7      | Reached XP level 10. HP: 81/92 MP: 7/16
  8093 | D:7      | Reached skill level 7 in Polearms
  9058 | D:7      | Learned a level 2 spell: Blink
  9548 | D:7      | Found a staircase to the Ecumenical Temple.
  9615 | D:7      | Noticed an unseen horror
  9639 | D:7      | Killed an unseen horror
  9640 | D:7      | Reached skill level 5 in Spellcasting
  9640 | D:7      | Reached skill level 1 in Translocations
  9640 | D:7      | Reached skill level 5 in Earth Magic
  9838 | Temple   | Entered the Ecumenical Temple
  9902 | Temple   | Became a worshipper of Sif Muna the Loreminder
 10081 | D:8      | Identified the +3 scale mail of Light {rC+}
 10933 | D:9      | Found Wielyi's Armour Boutique.
 10933 | D:9      | Found a staircase to the Orcish Mines.
 10933 | D:9      | Found Cuozaqao's Weapon Boutique.
 11078 | D:9      | Reached * piety under Sif Muna
 11083 | D:9      | Found a staircase to the Lair.
 11217 | D:9      | Reached skill level 1 in Invocations
 11351 | D:9      | Noticed a white ugly thing
 11374 | D:9      | Killed a white ugly thing
 11375 | D:9      | Reached skill level 8 in Polearms
 11375 | D:9      | Reached XP level 11. HP: 27/99 MP: 3/18
 11660 | D:9      | Noticed Blork the orc
 11729 | D:9      | Killed Blork the orc
 12417 | D:9      | Learned a level 4 spell: Petrify
 12453 | Lair:1   | Entered Level 1 of the Lair of Beasts
 13387 | Lair:1   | You fall into a shaft and drop 1 floor!
 13445 | Lair:2   | Found a frozen archway.
 13520 | Lair:2   | Reached skill level 5 in Transmutations
 13794 | IceCv    | Entered an ice cave
 14319 | IceCv    | Learned a level 5 spell: Lee's Rapid Deconstruction
 14514 | IceCv    | Reached skill level 9 in Polearms
 14688 | IceCv    | Identified Sif Muna's Papyrus of Stones and Snow
 14829 | IceCv    | Reached ** piety under Sif Muna
 15489 | IceCv    | Reached skill level 5 in Invocations
 15514 | IceCv    | Reached XP level 12. HP: 102/106 MP: 9/19
 17030 | IceCv    | Noticed a death yak
 17042 | IceCv    | Noticed a frost giant
 17042 | IceCv    | Noticed a death yak
 17056 | IceCv    | Killed a death yak
 17057 | IceCv    | Killed from afar by a frost giant

Illustrated notes

Levels and vault maps discovered:
D:1:      scummos_arrival_checkerplants, layout_basic, moated_statue
D:2:      layout_basic, nicolae_qazlal_scattered_showers
D:3:      layout_rooms, makhleb_heckhound_becter, uniq_sigmund
D:4:      minmay_diamond_boxcup, layout_rooms, serial_shops, nicolae_shop_trees,
          shop_fountains, nicolae_shop_waterfront, shop, shop_coins
D:5:      layout_loops_corners, basic_altar, uniq_crazy_yiuf_cottage
D:6:      layout_rooms, gammafunk_ghost_hive, serial_shops, nicolae_shop_stone
D:7:      minmay_the_grid_four_pointed_star
          [minmay_the_grid_triangle_9x9_longest,
          minmay_the_grid_triangle_9x9_flanged_cone,
          minmay_the_grid_triangle_9x9_thin_v,
          minmay_the_grid_triangle_9x9_odd_lines,
          minmay_the_grid_prize_four_corners], layout_gridville,
          minmay_temple_entry_poolview, minmay_between
D:8:      layout_cave_pods
D:9:      layout_gridville, dpeg_oklobed_lair, orc_david_3, sword_in_stone
Temple:   nicolae_temple_the_god_donut
Lair:1:   layout_cave_shapes, serial_bayou, serial_bayou_pond_e,
          serial_bayou_lagoon_b, serial_bayou_pond_d, serial_bayou_crossing,
          serial_bayou_pond_a, serial_bayou_pond_a
Lair:2:   cheibrodos_lair_overgrown_chateau, layout_layer_cave,
          nicolae_volcano_entry_hallway, portal_ice_cave_rime,
          grunt_megastairs_4
IceCv:    ice_cave_caverns_02

Skill      XL: |  1  2  3  4  5  6  7  8  9 10 11 12 |
---------------+-------------------------------------+-----
Fighting       | 1 2 3 4 5 6 |  6.4
Polearms       | 1 2 3 4 5 6 8 9 |  9.9
Transmutations | 2 3 4 5 6 |  6.8
Earth Magic    | 4 6 7 8 |  8.3
Poison Magic   | 1 3 5 6 |  6.0
Conjurations   | 2 4 |  4.0
Air Magic      | 1 4 |  4.0
Spellcasting   | 4 5 |  5.0
Evocations     | 2 4 |  4.0
Translocations | 3 |  3.1
Invocations    | 1 5 6 |  6.5
Dodging        | 3 |  3.5
Stealth        | |  3.0

Action                   |  1- 3 |  4- 6 |  7- 9 | 10-12 || total
-------------------------+-------+-------+-------+-------++-------
Melee: Spear             |    74 |   131 |   284 |   882 ||  1371
       Trident           |       |       |       |   118 ||   118
 Cast: Sandblast         |    24 |    49 |    68 |    16 ||   157
       Stone Arrow       |       |       |    18 |     9 ||    27
       Mephitic Cloud    |       |       |    26 |    81 ||   107
       Passwall          |       |       |     4 |       ||     4
       Blink             |       |       |       |     4 ||     4
       Petrify           |       |       |       |     5 ||     5
       Lee's Rapid Decon |       |       |       |     5 ||     5
 Abil: Spit Poison       |     9 |    16 |    16 |     5 ||    46
Evoke: Wand              |       |       |     3 |     6 ||     9
  Use: Potion            |       |     5 |       |     5 ||    10
       Scroll            |       |     4 |     7 |     8 ||    19
 Stab: Sleeping          |     4 |       |     2 |     5 ||    11
       Distracted        |       |     1 |     1 |     2 ||     4
       Confused          |       |       |    20 |    95 ||   115
       Petrified         |       |       |       |    22 ||    22
       Petrifying        |       |       |       |     3 ||     3
Armor: Robe              |    13 |    24 |    98 |   220 ||   355
Dodge: Dodged            |    68 |   117 |   241 |   492 ||   918

Table legend: (Time is in decaauts)
 A = Elapsed time spent in this place.
 B = Non-inter-level travel time spent in this place.
 C = Inter-level travel time spent in this place.
 D = Time resting spent in this place.
 E = Time spent auto-exploring this place.
 F = Levels seen in this place.
 G = Mean time per level.
                   A        B        C        D        E       F      G
               +--------+--------+--------+--------+--------+-----+--------+
         Total |  19457 |  18625 |    832 |   7260 |   7424 |  13 | 1496.7 |
       Dungeon |  14967 |  14216 |    751 |   4386 |   6999 |   9 | 1663.0 |
        Temple |    102 |     21 |     81 |      0 |      0 |   1 |  102.0 |
          Lair |   1104 |   1104 |      0 |    585 |    252 |   2 |  552.0 |
      Ice Cave |   3283 |   3283 |      0 |   2288 |    172 |   1 | 3283.0 |
               +--------+--------+--------+--------+--------+-----+--------+

Top non-repeatable levels by time:
   IceCv: 3283 daAuts
     D:7: 2797 daAuts
     D:5: 2321 daAuts
     D:9: 1928 daAuts
     D:6: 1820 daAuts
     D:2: 1471 daAuts
     D:8: 1337 daAuts
     D:1: 1245 daAuts
     D:4: 1112 daAuts
     D:3: 932 daAuts
  Lair:1: 701 daAuts
  Lair:2: 403 daAuts
  Temple: 102 daAuts
